 Dungeon Crawl Stone Soup version 0.24.0-41-g2ae2f7f1be (webtiles) character file.

Game seed: 2517840592117671824, levelgen mode: deterministic

17 Gwanngwann the Grave Robber (level 2, -2/20 HPs)
             Began as a Ghoul Necromancer on Dec 13, 2019.
             Slain by a hobgoblin (5 damage)
             ... on level 1 of the Dungeon.
             The game lasted 00:03:14 (367 turns).

Gwanngwann the Grave Robber (Ghoul Necromancer)      Turns: 367, Time: 00:03:14

Health: -2/20      AC:  3    Str: 11    XL:     2   Next: 62%
Magic:  0/3        EV: 12    Int: 10    God:
Gold:   0          SH:  0    Dex:  9    Spells: 3/4 levels left

rFire    . . .     SeeInvis .   b - +0 club
rCold    + . .     Gourm    .   (no shield)
rNeg     + + +     Faith    .   a - +1 robe
rPois    ∞         Spirit   .   (no helmet)
rElec    .         Reflect  .   (no cloak)
rCorr    .         Harm     .   (no gloves)
MR       .....                  (no boots)
Stlth    ++........             (no amulet)
HPRegen  0.00/turn              (no ring)
MPRegen  0.08/turn              (no ring)

@: rotting
A: rotting body, claws 1, carnivore, cold resistance 1, negative energy
resistance 3, inhibited regeneration, torment resistance, unbreathing
a: no special abilities


You were on level 1 of the Dungeon.
You were not hungry.

You visited 1 branch of the dungeon, and saw 1 of its levels.

Inventory:

Hand Weapons
 b - a +0 club (weapon)
Armour
 a - a +1 robe (worn)
 d - a +0 robe
 h - a +0 robe
Potions
 e - a potion of brilliance {unknown}
 g - a potion of magic {unknown}
Comestibles
 c - 2 rations
 f - 3 chunks of flesh


   Skills:
 + Level 0.1 Maces & Flails
 + Level 1.9 Dodging
 + Level 2.3 Stealth
 + Level 0.2 Unarmed Combat
 + Level 1.7 Spellcasting
 + Level 4.5 Necromancy


You had 3 spell levels left.
You knew the following spells:

 Your Spells              Type           Power        Failure   Level  Hunger
a - Pain                  Necr           #...         4%          1    ##.....

Your spell library contained the following spells:

 Spells                   Type           Power        Failure   Level  Hunger
 Animate Skeleton         Necr           N/A          4%          1    ##.....
 Vampiric Draining        Necr           #.........   16%         3    ####...
 Regeneration             Chrm/Necr      #.........   36%         3    ####...
 Animate Dead             Necr           N/A          45%         4    #####..


Dungeon Overview and Level Annotations

Branches:
Dungeon (1/15)

Altars:


Innate Abilities, Weirdness & Mutations

Your body is rotting away.
You thrive on raw meat.
You are immune to poison.
You have sharp fingernails.
You are carnivorous and can eat meat at any time.
Your flesh is cold resistant. (rC+)
You are immune to negative energy. (rN+++)
You do not regenerate when monsters are visible.
You are immune to unholy pain and torment.
You can survive without breathing.


Message History

Aim: a kobold, wielding a +0 dagger (heavily wounded, chance to defeat MR: 76%)
The kobold writhes in agony.
The kobold barely misses you. x2
Casting: Pain (safe; 4% risk of failure)
Confirm with . or Enter, or press ? or * to list all spells.
Aiming: Pain (safe; 4% risk of failure)
Press: ? - help, Shift-Dir - straight line, f/p - kobold
Aim: a kobold, wielding a +0 dagger (severely wounded, chance to defeat MR: 76%)
The kobold writhes in agony.
You kill the kobold!
The kobold hits you.
* * * LOW HITPOINT WARNING * * *
Casting: Pain (safe; 4% risk of failure)
Confirm with . or Enter, or press ? or * to list all spells.
You don't have enough magic to cast that spell.
You hit the kobold.
You kill the kobold!
The hobgoblin hits you.
* * * LOW HITPOINT WARNING * * *
The hobgoblin hits you.
You die...

... ...###
### .. ......
.. . ......
#. . . ...#
#.#. ..
#.##### ..#
...
#..(÷.####
#.## ....
####'##.....#
##g†##.....
....###.#.#.#
#.@.....#
....# ##.#.##
###(###.#
....# #.###.#
#.## .# ..###
##.#.## #..#
.# ..# #.#.#
##(##.# ..#
##.#.##
#.##.# ..#
#.###.#
#..#.# ..#
##.#.##
##.#.# ..#
#.#.# #...#


You could see a hobgoblin.

Vanquished Creatures
  2 bats (D:1)
  A giant cockroach (D:1)
  A goblin (D:1)
  2 hobgoblins (D:1)
  A ball python (D:1)
  2 frilled lizards (D:1)
  3 kobolds (D:1)
  5 rats (D:1)
17 creatures vanquished.

Notes
Turn   | Place    | Note
-------+----------+-------------------------------------------
     0 | D:1      | Gwanngwann the Ghoul Necromancer began the quest for the
                  | Orb.
     0 | D:1      | Reached XP level 1. HP: 14/14 MP: 2/2
    98 | D:1      | Reached XP level 2. HP: 15/20 MP: 3/3
   367 | D:1      | Slain by a hobgoblin

Levels and vault maps discovered:
D:1:      onia_arrival_handbag, layout_basic, roderic_roman_lattice,
          minmay_misc_feat_roman

Action                   || total
-------------------------++-------
Melee: Club              ||    51
       Unarmed           ||     7
 Cast: Pain              ||     3
  Use: Scroll            ||     3
 Stab: Sleeping          ||     2
  Eat: Chunk             ||     4
Armor: Robe              ||    17
Dodge: Dodged            ||    70
